[ AOE2 MATCH · #497072526 ]
UnrankedBurgundians vs Bohemians
[ REPLAY ANALYSIS · EXTRACTED FROM THE RECORDED GAME ]
Feudal
13:55
Castle
19:41
Imperial
34:10
| APM avg | 23.3 |
| APM peak | 93 |
| eAPM avg | 17.9 |
| Villagers / military | 162 / 256 |
Focus
⚔️ 29.9% · 🌾 70.1%
Knight ×174 · Spearman ×68 · Trade Cart ×23 · Bombard Cannon ×11 · Fishing Ship ×5 · Monk ×2
Feudal
11:09
Castle
18:10
Imperial
34:12
| APM avg | 18.7 |
| APM peak | 59 |
| eAPM avg | 12.0 |
| Villagers / military | 109 / 255 |
Focus
⚔️ 33.9% · 🌾 66.1%
Spearman ×98 · Hand Cannoneer ×93 · Bombard Cannon ×38 · Hussite Wagon ×18 · Fishing Ship ×16 · Trade Cart ×14
Feudal
12:50
Castle
19:20
Imperial
33:37
| APM avg | 20.4 |
| APM peak | 54 |
| eAPM avg | 13.9 |
| Villagers / military | 101 / 308 |
Focus
⚔️ 53.4% · 🌾 46.6%
Hand Cannoneer ×206 · Scout Cavalry ×72 · Bombard Cannon ×17 · Fishing Ship ×11 · Trade Cart ×10 · Knight ×6
Feudal
12:09
Castle
19:35
Imperial
37:45
| APM avg | 13.2 |
| APM peak | 46 |
| eAPM avg | 10.1 |
| Villagers / military | 104 / 215 |
Focus
⚔️ 31.1% · 🌾 68.9%
Gbeto ×145 · Scout Cavalry ×37 · Spearman ×28 · Trade Cart ×18 · Militia ×2 · Trebuchet (Packed) ×2
Feudal
12:18
Castle
17:28
Imperial
39:39
| APM avg | 35.5 |
| APM peak | 128 |
| eAPM avg | 24.2 |
| Villagers / military | 132 / 291 |
Focus
⚔️ 47.1% · 🌾 52.9%
Mangudai ×116 · Militia ×61 · Spearman ×54 · Trade Cart ×26 · Unknown (882) ×20 · Battering Ram ×19
Feudal
11:43
Castle
21:31
Imperial
33:36
| APM avg | 24.5 |
| APM peak | 109 |
| eAPM avg | 17.0 |
| Villagers / military | 95 / 288 |
Focus
⚔️ 46.1% · 🌾 53.9%
Longbowman ×167 · Spearman ×114 · Trade Cart ×17 · Fishing Ship ×16 · Trebuchet (Packed) ×6 · Monk ×1
Feudal
13:06
Castle
21:15
Imperial
39:56
| APM avg | 5.0 |
| APM peak | 15 |
| eAPM avg | 4.5 |
| Villagers / military | 54 / 54 |
Focus
⚔️ 30.7% · 🌾 69.3%
Teutonic Knight ×52 · Trade Cart ×5 · Trebuchet (Packed) ×2
Feudal
14:24
Castle
19:36
Imperial
41:02
| APM avg | 11.9 |
| APM peak | 31 |
| eAPM avg | 8.5 |
| Villagers / military | 94 / 110 |
Focus
⚔️ 35.1% · 🌾 64.9%
Militia ×63 · Ballista Elephant ×47 · Trade Cart ×17 · Fishing Ship ×2
Match map
Initial resources + every placement click. Lines = walls · curves = elevation contours. ◆ gold · ⬟ stone · ● berries · ✦ relic · ◌ wall gap
Your base· ✓ Closed at 19:41 · 10t walls · no gate
GuilleLeopold17's base· Open — opponent sealed themselves in
TrivJ's base· ✓ Closed at 19:20 · 8t walls · no gate
felipegarcia92's base· Open — opponent sealed themselves in
Padrino Huevo's base· ✓ Closed at 17:28 · 55t walls · 1 gate(s) · fragile
vitavidal91's base· ✓ Closed at 21:31 · 52t walls · fragile
Whimsicalz's base· ✓ Closed at 21:15 · 39t walls · no gate
tatomagallanes's base· Open — opponent sealed themselves in
Smoothed initial terrain · ◌ = detected wall gap · hover for details
Inputs per minute
— ox2 - - GuilleLeopold17
Build order — ox2
First 150 of 651 actions detected
| 0:04 | Research | Loom |
| 0:05 | Research | Wheelbarrow |
| 0:05 | Queue | Villager (Male) |
| 0:05 | Queue | Villager (Male) |
| 0:13 | Build | House |
| 0:14 | Build | House |
| 1:27 | Build | Lumber Camp |
| 1:55 | Queue | Villager (Male) |
| 1:55 | Queue | Villager (Male) |
| 1:55 | Queue | Villager (Male) |
| 2:55 | Queue | Villager (Male) |
| 2:55 | Queue | Villager (Male) |
| 2:56 | Queue | Villager (Male) |
| 3:14 | Queue | Villager (Male) |
| 3:15 | Queue | Villager (Male) |
| 3:15 | Queue | Villager (Male) |
| 3:52 | Queue | Villager (Male) |
| 3:52 | Queue | Villager (Male) |
| 4:12 | Queue | Villager (Male) |
| 4:13 | Queue | Villager (Male) |
| 4:43 | Queue | Villager (Male) |
| 4:44 | Queue | Villager (Male) |
| 5:12 | Queue | Villager (Male) |
| 5:12 | Queue | Villager (Male) |
| 5:30 | Build | House |
| 5:36 | Queue | Villager (Male) |
| 5:36 | Queue | Villager (Male) |
| 6:08 | Queue | Villager (Male) |
| 6:08 | Queue | Villager (Male) |
| 6:09 | Queue | Villager (Male) |
| 6:13 | Build | House |
| 6:26 | Build | Mill |
| 6:32 | Queue | Villager (Male) |
| 6:32 | Queue | Villager (Male) |
| 6:55 | Queue | Villager (Male) |
| 6:55 | Queue | Villager (Male) |
| 7:06 | Queue | Villager (Male) |
| 7:53 | Queue | Villager (Male) |
| 7:53 | Queue | Villager (Male) |
| 7:53 | Queue | Villager (Male) |
| 8:31 | Queue | Villager (Male) |
| 8:40 | Build | Dock |
| 8:44 | Queue | Villager (Male) |
| 9:15 | Queue | Villager (Male) |
| 9:19 | Research | Double-Bit Axe |
| 9:33 | Queue | Fishing Ship |
| 9:51 | Queue | Villager (Male) |
| 9:56 | Build | House |
| 10:03 | Queue | Villager (Male) |
| 10:30 | Build | House |
| 10:37 | Queue | Fishing Ship |
| 10:54 | Queue | Villager (Male) |
| 11:03 | Build | House |
| 11:19 | Queue | Villager (Male) |
| 11:43 | Build | Mining Camp |
| 11:45 | Research | Feudal Age |
| 12:03 | Queue | Villager (Male) |
| 12:07 | Build | House |
| 12:25 | Research | Tech 906 |
| 12:30 | Research | Gold Mining |
| 12:35 | Research | Horse Collar |
| 13:06 | Queue | Villager (Male) |
| 13:11 | Build | Farm |
| 13:18 | Build | Farm |
| 13:24 | Build | Farm |
| 13:31 | Build | Farm |
| 13:55 | Age | Feudal Age |
| 14:04 | Queue | Villager (Male) |
| 14:22 | Build | Market |
| 14:32 | Build | Blacksmith |
| 14:36 | Queue | Villager (Male) |
| 14:46 | Build | Farm |
| 14:49 | Build | Farm |
| 14:52 | Queue | Villager (Male) |
| 15:14 | Build | Farm |
| 15:17 | Queue | Villager (Male) |
| 15:41 | Build | Farm |
| 16:25 | Build | Lumber Camp |
| 16:30 | Queue | Villager (Male) |
| 16:30 | Queue | Villager (Male) |
| 16:35 | Build | Farm |
| 17:01 | Research | Castle Age |
| 17:41 | Queue | Villager (Male) |
| 17:50 | Build | Farm |
| 17:52 | Build | Farm |
| 17:53 | Build | Farm |
| 17:54 | Build | Farm |
| 17:55 | Build | Farm |
| 17:57 | Build | Farm |
| 18:09 | Build | Stone Wall |
| 18:17 | Queue | Villager (Male) |
| 18:19 | Queue | Villager (Male) |
| 18:22 | Research | Heavy Plow |
| 18:27 | Research | Bow Saw |
| 18:29 | Research | Gold Shaft Mining |
| 18:41 | Queue | Fishing Ship |
| 19:41 | Age | Castle Age |
| 19:43 | Queue | Villager (Male) |
| 19:43 | Queue | Villager (Male) |
| 19:48 | Build | Town Center |
| 19:56 | Queue | Villager (Male) |
| 20:10 | Queue | Trade Cart |
| 20:10 | Queue | Trade Cart |
| 20:19 | Build | Gate |
| 20:25 | Queue | Villager (Male) |
| 20:25 | Queue | Villager (Male) |
| 20:37 | Queue | Villager (Male) |
| 20:37 | Queue | Villager (Male) |
| 20:38 | Queue | Villager (Male) |
| 20:38 | Queue | Villager (Male) |
| 20:46 | Build | Monastery |
| 20:53 | Research | Forging |
| 20:54 | Research | Scale Barding Armor |
| 20:57 | Queue | Villager (Male) |
| 20:57 | Queue | Villager (Male) |
| 21:07 | Build | Farm |
| 21:10 | Build | Farm |
| 21:19 | Build | Farm |
| 21:25 | Queue | Villager (Male) |
| 21:36 | Queue | Monk |
| 21:43 | Build | University |
| 21:54 | Queue | Villager (Male) |
| 22:00 | Build | Lumber Camp |
| 22:06 | Queue | Villager (Male) |
| 22:06 | Queue | Villager (Male) |
| 22:19 | Build | House |
| 22:27 | Queue | Villager (Male) |
| 22:27 | Queue | Villager (Male) |
| 22:37 | Build | Fish Trap |
| 22:41 | Build | Fish Trap |
| 22:46 | Build | Fish Trap |
| 23:01 | Build | House |
| 23:02 | Build | House |
| 23:06 | Build | House |
| 23:09 | Build | House |
| 23:10 | Build | House |
| 23:11 | Build | House |
| 23:13 | Build | House |
| 23:18 | Build | House |
| 23:41 | Research | Hand Cart |
| 23:42 | Research | Town Watch |
| 23:43 | Queue | Villager (Male) |
| 23:43 | Queue | Villager (Male) |
| 23:43 | Queue | Villager (Male) |
| 23:44 | Queue | Villager (Male) |
| 23:53 | Research | Iron Casting |
| 23:54 | Research | Chain Barding Armor |
| 23:59 | Research | Crop Rotation |
| 24:20 | Research | Treadmill Crane |
| 24:25 | Queue | Villager (Male) |
Build order — GuilleLeopold17
First 150 of 438 actions detected
| 0:00 | Queue | Villager (Male) |
| 0:01 | Queue | Villager (Male) |
| 0:01 | Queue | Villager (Male) |
| 0:01 | Queue | Villager (Male) |
| 0:03 | Build | House |
| 0:05 | Build | House |
| 1:32 | Queue | Villager (Male) |
| 2:04 | Queue | Villager (Male) |
| 2:12 | Build | Lumber Camp |
| 2:16 | Queue | Villager (Male) |
| 2:16 | Queue | Villager (Male) |
| 3:07 | Queue | Villager (Male) |
| 3:08 | Queue | Villager (Male) |
| 3:08 | Queue | Villager (Male) |
| 3:47 | Queue | Villager (Male) |
| 3:53 | Build | House |
| 3:54 | Build | House |
| 4:33 | Queue | Villager (Male) |
| 4:34 | Queue | Villager (Male) |
| 4:34 | Queue | Villager (Male) |
| 5:10 | Queue | Villager (Male) |
| 5:34 | Build | Dock |
| 6:07 | Build | Mill |
| 6:17 | Research | Loom |
| 6:26 | Queue | Villager (Male) |
| 6:26 | Queue | Villager (Male) |
| 6:27 | Queue | Villager (Male) |
| 6:27 | Queue | Villager (Male) |
| 6:50 | Queue | Fishing Ship |
| 8:21 | Queue | Villager (Male) |
| 8:33 | Build | Mining Camp |
| 8:47 | Queue | Fishing Ship |
| 8:59 | Research | Feudal Age |
| 9:56 | Queue | Fishing Ship |
| 10:12 | Build | House |
| 10:13 | Build | House |
| 10:59 | Queue | Villager (Male) |
| 11:00 | Queue | Villager (Male) |
| 11:09 | Age | Feudal Age |
| 11:39 | Build | Blacksmith |
| 11:51 | Build | Barracks |
| 12:00 | Queue | Villager (Male) |
| 12:00 | Queue | Villager (Male) |
| 13:14 | Queue | Villager (Male) |
| 13:14 | Queue | Villager (Male) |
| 13:44 | Build | Archery Range |
| 14:15 | Research | Wheelbarrow |
| 14:27 | Research | Double-Bit Axe |
| 14:38 | Queue | Fishing Ship |
| 14:39 | Queue | Fishing Ship |
| 14:51 | Build | House |
| 14:52 | Build | House |
| 15:04 | Research | Castle Age |
| 15:22 | Build | Farm |
| 15:22 | Build | Farm |
| 15:22 | Build | Farm |
| 15:23 | Build | Farm |
| 15:23 | Build | Farm |
| 15:35 | Build | Mining Camp |
| 16:05 | Build | Farm |
| 16:05 | Build | Farm |
| 16:05 | Build | Farm |
| 16:05 | Build | Farm |
| 16:06 | Build | Farm |
| 16:50 | Build | Fish Trap |
| 17:02 | Build | Fish Trap |
| 17:11 | Queue | Villager (Male) |
| 17:11 | Queue | Villager (Male) |
| 17:12 | Queue | Villager (Male) |
| 17:23 | Build | Fish Trap |
| 18:10 | Age | Castle Age |
| 18:11 | Build | Fish Trap |
| 18:27 | Build | Fish Trap |
| 18:31 | Queue | Villager (Male) |
| 18:31 | Queue | Villager (Male) |
| 18:31 | Queue | Villager (Male) |
| 19:21 | Build | Town Center |
| 19:27 | Queue | Villager (Male) |
| 19:27 | Queue | Villager (Male) |
| 20:04 | Queue | Villager (Male) |
| 20:04 | Queue | Villager (Male) |
| 20:27 | Build | Mill |
| 20:33 | Research | Horse Collar |
| 20:57 | Research | Tech 906 |
| 21:06 | Queue | Villager (Male) |
| 21:06 | Queue | Villager (Male) |
| 21:06 | Queue | Villager (Male) |
| 21:06 | Queue | Villager (Male) |
| 21:07 | Queue | Villager (Male) |
| 21:12 | Build | House |
| 21:13 | Build | House |
| 21:13 | Build | House |
| 21:13 | Build | House |
| 21:14 | Build | House |
| 21:43 | Queue | Villager (Male) |
| 21:43 | Queue | Villager (Male) |
| 22:17 | Build | Monastery |
| 22:21 | Queue | Villager (Male) |
| 22:21 | Queue | Villager (Male) |
| 23:00 | Queue | Villager (Male) |
| 23:01 | Queue | Villager (Male) |
| 23:01 | Queue | Villager (Male) |
| 23:01 | Queue | Villager (Male) |
| 23:01 | Queue | Villager (Male) |
| 23:10 | Build | Town Center |
| 23:21 | Build | Town Center |
| 23:31 | Queue | Monk |
| 24:09 | Research | Fervor |
| 24:13 | Queue | Villager (Male) |
| 24:13 | Queue | Villager (Male) |
| 24:24 | Build | Siege Workshop |
| 24:35 | Queue | Villager (Male) ×5 |
| 24:53 | Build | Lumber Camp |
| 24:58 | Research | Gillnets |
| 25:06 | Queue | Monk |
| 25:49 | Build | Town Center |
| 25:57 | Queue | Villager (Male) ×5 |
| 26:04 | Build | House |
| 26:05 | Build | House |
| 26:05 | Build | House |
| 26:05 | Build | House |
| 26:06 | Build | House |
| 26:06 | Build | House |
| 26:08 | Build | House |
| 26:08 | Build | House |
| 26:08 | Build | House |
| 26:09 | Build | House |
| 26:09 | Build | House |
| 26:22 | Build | Farm |
| 26:22 | Build | Farm |
| 26:22 | Build | Farm |
| 26:23 | Build | Farm |
| 26:23 | Build | Farm |
| 26:23 | Build | Farm |
| 26:45 | Queue | Villager (Male) |
| 26:45 | Queue | Villager (Male) |
| 26:46 | Queue | Villager (Male) |
| 26:52 | Queue | Fishing Ship |
| 26:53 | Queue | Fishing Ship |
| 26:53 | Queue | Fishing Ship |
| 26:58 | Queue | Villager (Male) |
| 26:58 | Queue | Villager (Male) |
| 27:17 | Build | Archery Range |
| 27:32 | Build | Dock |
| 27:38 | Build | Fish Trap |
| 27:47 | Build | Farm |
| 27:58 | Queue | Villager (Male) |
| 27:58 | Queue | Villager (Male) |
| 27:58 | Queue | Villager (Male) |
| 27:58 | Queue | Villager (Male) |
Build order — TrivJ
First 150 of 605 actions detected
| 0:03 | Queue | Villager (Male) |
| 0:03 | Queue | Villager (Male) |
| 0:04 | Queue | Villager (Male) |
| 0:08 | Build | House |
| 1:20 | Build | Palisade Wall |
| 1:22 | Queue | Villager (Male) |
| 1:31 | Queue | Villager (Male) |
| 2:06 | Build | House |
| 2:31 | Queue | Villager (Male) |
| 2:50 | Research | Loom |
| 2:58 | Build | House |
| 3:05 | Queue | Villager (Male) |
| 3:27 | Build | Dock |
| 3:40 | Queue | Villager (Male) |
| 4:03 | Build | House |
| 4:42 | Queue | Villager (Male) |
| 4:49 | Build | House |
| 5:15 | Queue | Villager (Male) |
| 5:45 | Queue | Villager (Male) |
| 5:45 | Queue | Villager (Male) |
| 6:11 | Queue | Villager (Male) |
| 6:11 | Queue | Villager (Male) |
| 6:31 | Queue | Villager (Male) |
| 6:31 | Queue | Villager (Male) |
| 7:31 | Queue | Villager (Male) |
| 7:49 | Queue | Villager (Male) |
| 8:34 | Queue | Villager (Male) |
| 8:34 | Queue | Villager (Male) |
| 8:58 | Queue | Villager (Male) |
| 8:58 | Queue | Villager (Male) |
| 9:16 | Queue | Villager (Male) |
| 9:50 | Build | Mill |
| 10:14 | Build | Mill |
| 10:23 | Build | Lumber Camp |
| 10:40 | Research | Feudal Age |
| 12:47 | Build | Mining Camp |
| 12:50 | Age | Feudal Age |
| 12:57 | Queue | Villager (Male) |
| 13:28 | Queue | Villager (Male) |
| 13:36 | Queue | Villager (Male) |
| 14:13 | Build | House |
| 14:16 | Build | House |
| 14:18 | Build | House |
| 14:24 | Queue | Demolition Raft |
| 14:29 | Queue | Fishing Ship |
| 15:12 | Build | Market |
| 15:23 | Build | Blacksmith |
| 15:25 | Queue | Villager (Male) |
| 15:45 | Queue | Villager (Male) |
| 16:00 | Queue | Villager (Male) |
| 16:24 | Research | Castle Age |
| 16:34 | Build | Mining Camp |
| 16:41 | Build | Farm |
| 16:50 | Queue | Villager (Male) |
| 17:08 | Research | Double-Bit Axe |
| 17:20 | Research | Horse Collar |
| 17:29 | Build | House |
| 18:11 | Queue | Villager (Male) |
| 18:27 | Queue | Villager (Male) |
| 18:34 | Build | Farm |
| 18:36 | Build | Farm |
| 18:37 | Build | Farm |
| 18:42 | Build | Farm |
| 19:06 | Build | House |
| 19:20 | Age | Castle Age |
| 19:23 | Queue | Villager (Male) |
| 19:24 | Queue | Villager (Male) |
| 19:37 | Queue | Villager (Male) |
| 19:51 | Build | Town Center |
| 20:00 | Queue | Villager (Male) |
| 20:16 | Build | Monastery |
| 20:28 | Build | Farm |
| 20:44 | Queue | Villager (Male) |
| 20:44 | Queue | Villager (Male) |
| 20:44 | Queue | Villager (Male) |
| 21:14 | Build | Town Center |
| 21:17 | Queue | Villager (Male) |
| 21:17 | Queue | Villager (Male) |
| 21:21 | Queue | Monk |
| 21:23 | Queue | Monk |
| 21:31 | Queue | Villager (Male) |
| 22:03 | Build | Town Center |
| 22:06 | Queue | Villager (Male) |
| 22:06 | Queue | Villager (Male) |
| 22:16 | Build | Farm |
| 22:22 | Build | Farm |
| 22:26 | Queue | Villager (Male) |
| 22:26 | Queue | Villager (Male) |
| 22:37 | Build | Farm |
| 22:45 | Build | Farm |
| 22:46 | Queue | Villager (Male) |
| 22:46 | Queue | Villager (Male) |
| 22:47 | Queue | Villager (Male) |
| 23:05 | Queue | Monk |
| 23:19 | Queue | Monk |
| 23:59 | Queue | Villager (Male) |
| 24:00 | Queue | Villager (Male) |
| 24:00 | Queue | Villager (Male) |
| 24:01 | Research | Wheelbarrow |
| 24:02 | Queue | Villager (Male) |
| 24:02 | Queue | Villager (Male) |
| 24:06 | Build | Fish Trap |
| 24:08 | Queue | Fishing Ship |
| 24:08 | Queue | Fishing Ship |
| 24:09 | Queue | Fishing Ship |
| 24:09 | Queue | Fishing Ship |
| 24:21 | Build | Farm |
| 24:23 | Build | Farm |
| 24:26 | Build | Farm |
| 24:30 | Build | Farm |
| 24:32 | Queue | Villager (Male) |
| 24:33 | Queue | Villager (Male) |
| 24:36 | Build | Farm |
| 24:39 | Queue | Villager (Male) |
| 24:42 | Research | Heavy Plow |
| 24:46 | Build | Farm |
| 24:50 | Queue | Villager (Male) |
| 24:50 | Queue | Villager (Male) |
| 25:02 | Build | Farm |
| 25:14 | Research | Fervor |
| 25:35 | Queue | Villager (Male) |
| 25:35 | Queue | Villager (Male) |
| 25:35 | Queue | Villager (Male) |
| 25:50 | Queue | Villager (Male) |
| 25:50 | Queue | Villager (Male) |
| 25:55 | Build | Fish Trap |
| 25:58 | Build | Fish Trap |
| 26:03 | Build | Farm |
| 26:11 | Build | House |
| 26:36 | Research | Hand Cart |
| 26:46 | Build | House |
| 26:48 | Build | House |
| 26:49 | Build | House |
| 26:55 | Build | Fish Trap |
| 27:00 | Research | Tech 906 |
| 27:27 | Build | Fish Trap |
| 27:37 | Queue | Fishing Ship |
| 27:38 | Queue | Fishing Ship |
| 27:58 | Build | Farm |
| 28:06 | Research | Bow Saw |
| 28:13 | Queue | Villager (Male) |
| 28:19 | Build | House |
| 28:20 | Build | House |
| 28:23 | Queue | Villager (Male) |
| 28:24 | Queue | Villager (Male) |
| 28:25 | Queue | Villager (Male) |
| 28:26 | Queue | Villager (Male) |
| 28:27 | Queue | Villager (Male) |
| 28:36 | Build | Fish Trap |
| 28:44 | Queue | Fishing Ship |
Build order — felipegarcia92
First 150 of 400 actions detected
| 0:01 | Queue | Villager (Male) |
| 0:01 | Queue | Villager (Male) |
| 0:02 | Queue | Villager (Male) |
| 0:02 | Queue | Villager (Male) |
| 0:04 | Build | House |
| 0:06 | Build | House |
| 1:29 | Queue | Villager (Male) |
| 2:06 | Queue | Villager (Male) |
| 2:27 | Queue | Villager (Male) |
| 2:57 | Queue | Villager (Male) |
| 2:58 | Queue | Villager (Male) |
| 3:27 | Queue | Villager (Male) |
| 3:32 | Build | House |
| 3:35 | Build | Mill |
| 3:54 | Queue | Villager (Male) |
| 4:11 | Queue | Villager (Male) |
| 4:11 | Queue | Villager (Male) |
| 4:50 | Research | Loom |
| 5:21 | Queue | Villager (Male) |
| 5:21 | Queue | Villager (Male) |
| 5:23 | Queue | Villager (Male) |
| 6:11 | Build | Lumber Camp |
| 6:19 | Queue | Villager (Male) |
| 6:38 | Queue | Villager (Male) |
| 6:39 | Queue | Villager (Male) |
| 6:39 | Queue | Villager (Male) |
| 6:39 | Queue | Villager (Male) |
| 6:40 | Queue | Villager (Male) |
| 6:57 | Queue | Villager (Male) |
| 7:42 | Build | House |
| 8:04 | Build | Mill |
| 8:58 | Build | Mining Camp |
| 9:01 | Queue | Villager (Male) |
| 9:01 | Queue | Villager (Male) |
| 9:16 | Build | Mining Camp |
| 9:54 | Research | Feudal Age |
| 10:08 | Build | Barracks |
| 10:11 | Build | House |
| 11:37 | Queue | Villager (Male) |
| 11:38 | Queue | Villager (Male) |
| 11:45 | Queue | Villager (Male) |
| 12:09 | Age | Feudal Age |
| 12:13 | Build | Blacksmith |
| 12:15 | Build | House |
| 12:28 | Build | Stable |
| 12:29 | Build | House |
| 12:38 | Build | Farm |
| 12:43 | Queue | Villager (Male) |
| 13:10 | Queue | Villager (Male) |
| 13:43 | Build | House |
| 13:50 | Queue | Villager (Male) |
| 14:01 | Build | Farm |
| 14:02 | Build | Farm |
| 14:02 | Build | Farm |
| 14:03 | Build | Farm |
| 14:18 | Build | Farm |
| 14:27 | Queue | Villager (Male) |
| 14:51 | Build | Farm |
| 15:01 | Build | Farm |
| 15:01 | Build | Farm |
| 15:01 | Build | Farm |
| 15:01 | Build | Farm |
| 15:10 | Build | Farm |
| 15:11 | Queue | Villager (Male) |
| 15:43 | Build | Farm |
| 15:51 | Queue | Villager (Male) |
| 16:10 | Queue | Villager (Male) |
| 16:22 | Build | Farm |
| 16:35 | Build | House |
| 16:56 | Research | Castle Age |
| 17:14 | Build | Barracks |
| 17:22 | Build | Farm |
| 17:22 | Build | Farm |
| 17:24 | Research | Horse Collar |
| 17:32 | Research | Double-Bit Axe |
| 17:32 | Research | Double-Bit Axe |
| 17:48 | Research | Arson |
| 17:55 | Queue | Militia |
| 17:56 | Queue | Militia |
| 18:01 | Queue | Scout Cavalry |
| 18:01 | Queue | Scout Cavalry |
| 18:12 | Build | House |
| 18:33 | Research | Gold Mining |
| 18:39 | Research | Scale Mail Armor |
| 18:55 | Queue | Spearman |
| 18:55 | Queue | Spearman |
| 19:01 | Queue | Villager (Male) |
| 19:01 | Queue | Villager (Male) |
| 19:09 | Queue | Spearman |
| 19:20 | Queue | Villager (Male) |
| 19:35 | Age | Castle Age |
| 19:39 | Research | Heavy Plow |
| 19:58 | Research | Squires |
| 19:58 | Research | Squires |
| 20:07 | Build | Town Center |
| 20:29 | Research | Pikeman (upgrade) |
| 20:44 | Queue | Spearman |
| 20:46 | Queue | Villager (Male) |
| 21:02 | Queue | Villager (Male) |
| 21:03 | Queue | Villager (Male) |
| 21:26 | Build | Town Center |
| 21:34 | Research | Bow Saw |
| 21:44 | Queue | Villager (Male) |
| 22:03 | Queue | Spearman |
| 22:03 | Queue | Spearman |
| 22:08 | Queue | Villager (Male) |
| 22:08 | Queue | Villager (Male) |
| 22:14 | Build | Farm |
| 22:14 | Build | Farm |
| 22:15 | Build | Farm |
| 22:20 | Build | Farm |
| 22:27 | Queue | Villager (Male) |
| 22:27 | Queue | Villager (Male) |
| 22:36 | Queue | Villager (Male) |
| 22:39 | Build | Farm |
| 22:58 | Build | Castle |
| 23:01 | Queue | Villager (Male) |
| 23:01 | Queue | Villager (Male) |
| 23:09 | Build | House |
| 23:10 | Build | House |
| 23:18 | Queue | Villager (Male) |
| 23:33 | Queue | Villager (Male) |
| 23:34 | Queue | Villager (Male) |
| 23:34 | Queue | Villager (Male) |
| 23:46 | Queue | Villager (Male) |
| 23:46 | Queue | Villager (Male) |
| 23:49 | Queue | Villager (Male) |
| 24:07 | Build | Farm |
| 24:28 | Research | Forging |
| 24:31 | Queue | Villager (Male) |
| 24:32 | Queue | Villager (Male) |
| 24:34 | Queue | Villager (Male) |
| 24:40 | Build | Farm |
| 24:58 | Queue | Villager (Male) |
| 25:04 | Build | Farm |
| 25:06 | Queue | Villager (Male) |
| 25:08 | Queue | Villager (Male) |
| 25:14 | Research | Husbandry |
| 25:19 | Queue | Villager (Male) |
| 25:23 | Build | Farm |
| 25:34 | Queue | Villager (Male) |
| 25:35 | Queue | Villager (Male) |
| 25:44 | Build | House |
| 25:45 | Build | House |
| 25:45 | Build | House |
| 25:45 | Build | House |
| 25:46 | Build | House |
| 25:46 | Build | House |
| 25:49 | Queue | Gbeto |
| 25:49 | Queue | Gbeto |
Build order — Padrino Huevo
First 150 of 717 actions detected
| 0:04 | Queue | Villager (Male) |
| 0:04 | Research | Loom |
| 0:09 | Build | House |
| 0:15 | Queue | Villager (Male) |
| 0:16 | Queue | Villager (Male) |
| 0:16 | Queue | Villager (Male) |
| 0:16 | Queue | Villager (Male) |
| 1:10 | Build | Palisade Wall |
| 1:12 | Build | Palisade Wall |
| 1:23 | Build | House |
| 2:21 | Build | Lumber Camp |
| 2:45 | Build | Palisade Wall |
| 2:57 | Build | Palisade Wall |
| 3:06 | Queue | Villager (Male) |
| 3:06 | Queue | Villager (Male) |
| 3:52 | Queue | Villager (Male) |
| 3:53 | Queue | Villager (Male) |
| 3:53 | Queue | Villager (Male) |
| 4:27 | Queue | Villager (Male) |
| 4:27 | Queue | Villager (Male) |
| 4:27 | Queue | Villager (Male) |
| 5:10 | Queue | Villager (Male) |
| 5:10 | Queue | Villager (Male) |
| 5:11 | Queue | Villager (Male) |
| 5:51 | Queue | Villager (Male) |
| 5:52 | Queue | Villager (Male) |
| 6:03 | Build | House |
| 6:07 | Build | House |
| 6:23 | Queue | Villager (Male) |
| 6:23 | Queue | Villager (Male) |
| 6:23 | Queue | Villager (Male) |
| 6:24 | Queue | Villager (Male) |
| 6:24 | Queue | Villager (Male) |
| 6:43 | Build | House |
| 6:46 | Build | House |
| 7:01 | Queue | Villager (Male) |
| 7:02 | Queue | Villager (Male) |
| 7:24 | Queue | Villager (Male) |
| 8:15 | Build | House |
| 8:32 | Queue | Villager (Male) |
| 9:16 | Queue | Villager (Male) |
| 9:22 | Build | Mill |
| 9:31 | Queue | Villager (Male) |
| 9:47 | Build | House |
| 10:07 | Research | Feudal Age |
| 10:33 | Build | Mill |
| 10:46 | Build | Mining Camp |
| 10:48 | Queue | Villager (Male) |
| 10:48 | Queue | Villager (Male) |
| 11:30 | Queue | Villager (Male) |
| 11:30 | Queue | Villager (Male) |
| 12:09 | Build | Lumber Camp |
| 12:18 | Age | Feudal Age |
| 12:25 | Queue | Villager (Male) |
| 12:54 | Build | Stone Wall |
| 13:16 | Build | Market |
| 13:43 | Build | Stone Wall |
| 13:50 | Build | Stone Wall |
| 14:04 | Build | Blacksmith |
| 14:08 | Queue | Villager (Male) |
| 14:39 | Research | Castle Age |
| 15:08 | Build | Mining Camp |
| 15:12 | Queue | Villager (Male) |
| 15:12 | Queue | Villager (Male) |
| 15:28 | Research | Double-Bit Axe |
| 16:11 | Build | Dock |
| 16:26 | Build | Dock |
| 16:31 | Queue | Villager (Male) |
| 16:31 | Queue | Villager (Male) |
| 16:52 | Build | Stone Wall |
| 16:54 | Build | Gate |
| 17:01 | Queue | Villager (Male) |
| 17:02 | Queue | Villager (Male) |
| 17:13 | Build | House |
| 17:15 | Build | House |
| 17:16 | Queue | Fishing Ship |
| 17:20 | Research | Wheelbarrow |
| 17:28 | Age | Castle Age |
| 17:33 | Queue | Fishing Ship |
| 17:46 | Queue | Fishing Ship |
| 17:53 | Research | Bow Saw |
| 18:01 | Queue | Fishing Ship |
| 18:16 | Build | House |
| 18:43 | Queue | Villager (Male) |
| 18:49 | Queue | Fishing Ship |
| 19:05 | Queue | Villager (Male) |
| 19:05 | Queue | Villager (Male) |
| 19:14 | Build | House |
| 19:37 | Build | Town Center |
| 19:47 | Queue | Fishing Ship |
| 19:56 | Queue | Villager (Male) |
| 20:03 | Queue | Villager (Male) |
| 20:11 | Build | Fish Trap |
| 20:29 | Build | Fish Trap |
| 20:38 | Queue | Villager (Male) |
| 20:44 | Queue | Villager (Male) |
| 20:44 | Queue | Villager (Male) |
| 20:53 | Build | Fish Trap |
| 21:02 | Build | Fish Trap |
| 21:06 | Queue | Villager (Male) |
| 21:14 | Queue | Fishing Ship |
| 21:19 | Build | Fish Trap |
| 21:27 | Build | Fish Trap |
| 21:38 | Queue | Villager (Male) |
| 21:39 | Queue | Villager (Male) |
| 21:43 | Build | Farm |
| 21:44 | Build | Farm |
| 21:59 | Build | Farm |
| 22:00 | Build | Farm |
| 22:02 | Queue | Villager (Male) |
| 22:12 | Build | Fish Trap |
| 22:17 | Queue | Fishing Ship |
| 22:35 | Queue | Villager (Male) |
| 22:36 | Queue | Villager (Male) |
| 22:44 | Build | Farm |
| 22:51 | Queue | Villager (Male) |
| 22:57 | Queue | Villager (Male) |
| 22:59 | Build | Town Center |
| 23:08 | Queue | Villager (Male) |
| 23:27 | Queue | Villager (Male) |
| 23:30 | Build | Farm |
| 23:35 | Build | Farm |
| 23:40 | Build | Farm |
| 23:42 | Queue | Villager (Male) |
| 23:48 | Queue | Villager (Male) |
| 23:50 | Queue | Trade Cart |
| 23:50 | Queue | Trade Cart |
| 23:55 | Queue | Trade Cart |
| 23:55 | Queue | Trade Cart |
| 24:09 | Queue | Villager (Male) |
| 24:19 | Queue | Villager (Male) |
| 24:20 | Queue | Villager (Male) |
| 24:33 | Build | Dock |
| 24:49 | Queue | Trade Cart |
| 24:51 | Queue | Villager (Male) |
| 24:53 | Queue | Villager (Male) |
| 24:53 | Queue | Villager (Male) |
| 24:56 | Queue | Villager (Male) |
| 24:56 | Queue | Villager (Male) |
| 25:08 | Queue | Villager (Male) |
| 25:09 | Queue | Villager (Male) |
| 25:18 | Build | Monastery |
| 25:22 | Build | Farm |
| 25:26 | Build | Farm |
| 25:28 | Queue | Villager (Male) |
| 25:29 | Queue | Villager (Male) |
| 25:32 | Build | Farm |
| 25:38 | Build | Farm |
| 25:41 | Queue | Trade Cart |
| 25:48 | Queue | Fishing Ship |
Build order — vitavidal91
First 150 of 595 actions detected
| 0:01 | Queue | Villager (Male) |
| 0:01 | Queue | Villager (Male) |
| 0:02 | Build | House |
| 0:04 | Build | House |
| 0:55 | Build | Palisade Wall |
| 1:00 | Queue | Villager (Male) |
| 1:00 | Queue | Villager (Male) |
| 1:52 | Queue | Villager (Male) |
| 2:13 | Queue | Villager (Male) |
| 2:42 | Build | House |
| 2:52 | Queue | Villager (Male) |
| 3:25 | Queue | Villager (Male) |
| 3:40 | Queue | Villager (Male) |
| 3:58 | Build | Mill |
| 4:04 | Queue | Villager (Male) |
| 4:35 | Queue | Villager (Male) |
| 5:08 | Queue | Villager (Male) |
| 5:29 | Queue | Villager (Male) |
| 5:39 | Queue | Villager (Male) |
| 5:58 | Queue | Villager (Male) |
| 6:41 | Queue | Villager (Male) |
| 7:05 | Build | House |
| 7:19 | Queue | Villager (Male) |
| 7:44 | Queue | Villager (Male) |
| 7:55 | Queue | Villager (Male) |
| 8:03 | Queue | Villager (Male) |
| 8:43 | Queue | Villager (Male) |
| 8:58 | Build | Lumber Camp |
| 9:33 | Research | Feudal Age |
| 10:15 | Build | Lumber Camp |
| 10:48 | Build | Dock |
| 11:12 | Queue | Villager (Male) |
| 11:34 | Queue | Fishing Ship |
| 11:37 | Build | House |
| 11:41 | Build | House |
| 11:43 | Age | Feudal Age |
| 11:52 | Build | Stone Wall |
| 12:01 | Build | Stone Wall |
| 12:12 | Queue | Villager (Male) |
| 12:14 | Queue | Fishing Ship |
| 12:41 | Build | Mining Camp |
| 12:50 | Queue | Villager (Male) |
| 13:00 | Build | House |
| 13:01 | Build | House |
| 13:01 | Build | House |
| 13:02 | Build | House |
| 13:02 | Build | House |
| 13:02 | Build | House |
| 13:03 | Build | House |
| 13:18 | Queue | Fishing Ship |
| 13:26 | Build | Stone Wall |
| 13:27 | Build | Stone Wall |
| 13:45 | Queue | Fishing Ship |
| 13:47 | Queue | Villager (Male) |
| 13:47 | Queue | Villager (Male) |
| 14:20 | Queue | Villager (Male) |
| 14:20 | Research | Double-Bit Axe |
| 14:23 | Queue | Fishing Ship |
| 14:47 | Build | Blacksmith |
| 14:52 | Build | Market |
| 15:08 | Build | Market |
| 15:10 | Queue | Villager (Male) |
| 15:11 | Queue | Villager (Male) |
| 15:15 | Queue | Fishing Ship |
| 15:28 | Build | Stone Wall |
| 15:41 | Build | Stone Wall |
| 15:57 | Build | Farm |
| 15:58 | Build | Farm |
| 15:59 | Queue | Villager (Male) |
| 16:02 | Build | Farm |
| 16:12 | Build | Farm |
| 16:14 | Build | Farm |
| 16:15 | Build | Farm |
| 16:20 | Build | Farm |
| 16:21 | Build | Farm |
| 16:22 | Queue | Villager (Male) |
| 16:25 | Queue | Fishing Ship |
| 16:29 | Build | Fish Trap |
| 16:32 | Build | Fish Trap |
| 16:40 | Build | Fish Trap |
| 16:43 | Build | Fish Trap |
| 16:48 | Queue | Fishing Ship |
| 16:52 | Build | House |
| 16:52 | Build | House |
| 16:53 | Build | House |
| 16:53 | Build | House |
| 16:54 | Build | House |
| 16:54 | Build | House |
| 16:55 | Build | House |
| 16:55 | Build | House |
| 16:57 | Queue | Villager (Male) |
| 17:05 | Queue | Villager (Male) |
| 17:12 | Build | Farm |
| 17:19 | Build | Farm |
| 17:51 | Research | Loom |
| 18:00 | Research | Tech 906 |
| 18:36 | Build | Stone Wall |
| 18:39 | Build | Stone Wall |
| 18:51 | Research | Castle Age |
| 19:01 | Build | House |
| 19:03 | Build | House |
| 19:04 | Build | House |
| 19:05 | Build | House |
| 19:06 | Build | House |
| 19:06 | Build | House |
| 19:07 | Build | House |
| 19:07 | Build | House |
| 19:19 | Build | Mining Camp |
| 19:34 | Research | Horse Collar |
| 19:42 | Research | Tech 906 |
| 19:57 | Build | Dock |
| 20:06 | Build | Dock |
| 20:10 | Build | Lumber Camp |
| 20:43 | Research | Stone Mining |
| 21:01 | Queue | Fishing Ship |
| 21:06 | Queue | Fishing Ship |
| 21:08 | Queue | Fishing Ship |
| 21:09 | Queue | Fishing Ship |
| 21:31 | Age | Castle Age |
| 21:33 | Queue | Villager (Male) |
| 21:34 | Queue | Villager (Male) |
| 21:52 | Build | Town Center |
| 22:00 | Build | Fish Trap |
| 22:08 | Build | Fish Trap |
| 22:15 | Build | Fish Trap |
| 22:24 | Build | Fish Trap |
| 22:30 | Build | Fish Trap |
| 22:36 | Queue | Fishing Ship |
| 22:42 | Queue | Villager (Male) |
| 22:42 | Queue | Villager (Male) |
| 22:46 | Queue | Villager (Male) |
| 22:46 | Queue | Villager (Male) |
| 22:47 | Queue | Villager (Male) |
| 22:55 | Queue | Villager (Male) |
| 22:56 | Queue | Villager (Male) |
| 23:00 | Queue | Villager (Male) |
| 23:00 | Queue | Villager (Male) |
| 23:00 | Queue | Villager (Male) |
| 23:09 | Build | Monastery |
| 23:41 | Build | Fish Trap |
| 23:47 | Build | Fish Trap |
| 24:00 | Queue | Monk |
| 24:10 | Queue | Villager (Male) |
| 24:27 | Build | Fish Trap |
| 24:34 | Build | Fish Trap |
| 24:39 | Build | Fish Trap |
| 25:09 | Queue | Villager (Male) |
| 25:11 | Queue | Villager (Male) |
| 25:11 | Queue | Villager (Male) |
| 25:11 | Queue | Villager (Male) |
Build order — Whimsicalz
First 150 of 215 actions detected
| 0:10 | Queue | Villager (Male) |
| 0:10 | Queue | Villager (Male) |
| 0:11 | Queue | Villager (Male) |
| 0:11 | Queue | Villager (Male) |
| 0:11 | Queue | Villager (Male) |
| 0:18 | Build | House |
| 0:24 | Build | House |
| 2:01 | Queue | Villager (Male) |
| 2:01 | Queue | Villager (Male) |
| 2:20 | Build | Mill |
| 2:29 | Queue | Villager (Male) |
| 2:29 | Queue | Villager (Male) |
| 2:48 | Queue | Villager (Male) |
| 3:24 | Queue | Villager (Male) |
| 3:59 | Build | House |
| 4:45 | Build | Lumber Camp |
| 4:52 | Queue | Villager (Male) |
| 4:52 | Queue | Villager (Male) |
| 4:52 | Queue | Villager (Male) |
| 4:52 | Queue | Villager (Male) |
| 4:56 | Queue | Villager (Male) |
| 6:29 | Build | Palisade Wall |
| 6:53 | Queue | Villager (Male) |
| 6:53 | Queue | Villager (Male) |
| 6:53 | Queue | Villager (Male) |
| 6:54 | Queue | Villager (Male) |
| 6:54 | Queue | Villager (Male) |
| 7:48 | Build | Mining Camp |
| 8:01 | Queue | Villager (Male) |
| 8:01 | Queue | Villager (Male) |
| 8:14 | Build | House |
| 8:18 | Build | House |
| 10:50 | Build | Barracks |
| 10:56 | Research | Feudal Age |
| 12:43 | Queue | Villager (Male) |
| 12:43 | Queue | Villager (Male) |
| 12:43 | Queue | Villager (Male) |
| 12:44 | Queue | Villager (Male) |
| 12:44 | Queue | Villager (Male) |
| 12:44 | Queue | Villager (Male) |
| 12:54 | Build | Farm |
| 12:58 | Build | Farm |
| 13:02 | Build | Farm |
| 13:06 | Build | Farm |
| 13:06 | Age | Feudal Age |
| 13:11 | Build | Farm |
| 13:24 | Build | Blacksmith |
| 14:23 | Build | Mining Camp |
| 15:09 | Build | House |
| 15:12 | Build | House |
| 15:45 | Build | Farm |
| 16:10 | Build | Farm |
| 16:14 | Build | Farm |
| 16:21 | Build | Farm |
| 16:26 | Build | Farm |
| 17:54 | Build | Stable |
| 18:35 | Research | Castle Age |
| 19:07 | Build | Stone Wall |
| 19:48 | Research | Scale Mail Armor |
| 19:49 | Research | Forging |
| 21:15 | Age | Castle Age |
| 21:27 | Queue | Villager (Male) |
| 21:27 | Queue | Villager (Male) |
| 21:27 | Queue | Villager (Male) |
| 21:27 | Queue | Villager (Male) |
| 21:36 | Research | Stone Mining |
| 21:36 | Research | Gold Mining |
| 21:51 | Research | Double-Bit Axe |
| 22:11 | Build | Siege Workshop |
| 22:25 | Research | Horse Collar |
| 22:41 | Queue | Villager (Male) |
| 22:42 | Queue | Villager (Male) |
| 23:06 | Build | House |
| 23:10 | Build | House |
| 23:14 | Build | House |
| 23:18 | Build | House |
| 23:48 | Queue | Villager (Male) |
| 23:48 | Queue | Villager (Male) |
| 23:49 | Queue | Villager (Male) |
| 23:49 | Queue | Villager (Male) |
| 23:49 | Queue | Villager (Male) |
| 23:55 | Queue | Villager (Male) |
| 24:22 | Build | Castle |
| 24:54 | Build | Farm |
| 24:58 | Build | Farm |
| 25:02 | Build | Farm |
| 25:08 | Build | Farm |
| 26:27 | Build | Mining Camp |
| 26:36 | Queue | Villager (Male) |
| 26:36 | Queue | Villager (Male) |
| 26:37 | Queue | Villager (Male) |
| 26:46 | Queue | Villager (Male) |
| 26:46 | Queue | Villager (Male) |
| 26:51 | Research | Chain Mail Armor |
| 27:06 | Queue | Teutonic Knight |
| 27:07 | Queue | Teutonic Knight |
| 27:07 | Queue | Teutonic Knight |
| 27:16 | Build | Farm |
| 28:02 | Build | Market |
| 28:52 | Build | University |
| 29:15 | Build | House |
| 29:20 | Build | House |
| 29:53 | Build | Lumber Camp |
| 30:15 | Research | Iron Casting |
| 30:33 | Build | Farm |
| 30:41 | Build | Farm |
| 30:44 | Research | Arson |
| 30:45 | Research | Squires |
| 30:46 | Research | Gambesons |
| 31:08 | Queue | Trade Cart |
| 31:09 | Queue | Trade Cart |
| 31:16 | Queue | Villager (Male) |
| 31:17 | Queue | Villager (Male) |
| 31:17 | Queue | Villager (Male) |
| 31:17 | Queue | Villager (Male) |
| 31:17 | Queue | Villager (Male) |
| 32:06 | Build | Castle |
| 32:21 | Research | Caravan |
| 32:29 | Build | Farm |
| 33:04 | Build | Town Center |
| 33:10 | Queue | Villager (Male) |
| 33:11 | Queue | Villager (Male) |
| 33:14 | Queue | Villager (Male) |
| 33:35 | Build | Farm |
| 33:50 | Queue | Teutonic Knight |
| 33:50 | Queue | Teutonic Knight |
| 33:50 | Queue | Teutonic Knight |
| 33:50 | Queue | Teutonic Knight |
| 33:51 | Queue | Teutonic Knight |
| 33:52 | Queue | Teutonic Knight |
| 33:52 | Queue | Teutonic Knight |
| 33:52 | Queue | Teutonic Knight |
| 33:52 | Queue | Teutonic Knight |
| 33:53 | Queue | Teutonic Knight |
| 34:12 | Build | Farm |
| 34:31 | Build | House |
| 34:36 | Build | House |
| 34:40 | Build | House |
| 34:44 | Build | House |
| 34:51 | Build | House |
| 35:46 | Build | Castle |
| 36:40 | Queue | Trade Cart |
| 36:40 | Queue | Trade Cart |
| 36:41 | Queue | Trade Cart |
| 36:46 | Research | Imperial Age |
| 37:09 | Build | Farm |
| 37:17 | Build | Farm |
| 38:01 | Build | House |
| 39:09 | Build | Stable |
| 39:27 | Research | Wheelbarrow |
Build order — tatomagallanes
First 150 of 378 actions detected
| 0:03 | Queue | Villager (Male) |
| 0:04 | Queue | Villager (Male) |
| 0:04 | Queue | Villager (Male) |
| 0:04 | Queue | Villager (Male) |
| 0:10 | Build | House |
| 0:16 | Build | House |
| 2:12 | Queue | Villager (Male) |
| 2:53 | Queue | Villager (Male) |
| 3:11 | Queue | Villager (Male) |
| 3:41 | Build | Palisade Wall |
| 3:52 | Queue | Villager (Male) |
| 3:52 | Queue | Villager (Male) |
| 3:56 | Research | Loom |
| 4:40 | Queue | Villager (Male) |
| 4:40 | Queue | Villager (Male) |
| 5:04 | Build | Palisade Wall |
| 5:27 | Queue | Villager (Male) |
| 6:12 | Queue | Villager (Male) |
| 6:13 | Queue | Villager (Male) |
| 6:35 | Queue | Villager (Male) |
| 6:35 | Queue | Villager (Male) |
| 6:54 | Build | Mill |
| 7:23 | Build | House |
| 8:12 | Build | Lumber Camp |
| 8:22 | Queue | Villager (Male) |
| 8:58 | Build | House |
| 9:17 | Queue | Villager (Male) |
| 9:17 | Queue | Villager (Male) |
| 9:49 | Queue | Villager (Male) |
| 10:07 | Queue | Villager (Male) |
| 10:29 | Build | House |
| 10:46 | Build | Mill |
| 10:52 | Build | Farm |
| 10:55 | Queue | Villager (Male) |
| 11:00 | Build | Farm |
| 11:11 | Build | Farm |
| 11:14 | Queue | Villager (Male) |
| 11:28 | Queue | Villager (Male) |
| 11:35 | Build | Farm |
| 11:55 | Build | Mining Camp |
| 12:14 | Research | Feudal Age |
| 13:43 | Queue | Villager (Male) |
| 13:44 | Queue | Villager (Male) |
| 13:44 | Queue | Villager (Male) |
| 14:24 | Age | Feudal Age |
| 15:01 | Build | Mining Camp |
| 15:16 | Build | Stone Wall |
| 15:28 | Research | Double-Bit Axe |
| 15:55 | Build | Market |
| 16:08 | Queue | Villager (Male) |
| 16:56 | Research | Castle Age |
| 17:11 | Queue | Trade Cart |
| 17:33 | Build | Dock |
| 18:06 | Build | Stone Wall |
| 18:20 | Build | Stone Wall |
| 18:32 | Build | Stone Wall |
| 18:45 | Build | Market |
| 18:51 | Build | Farm |
| 18:54 | Queue | Fishing Ship |
| 19:05 | Build | House |
| 19:06 | Build | House |
| 19:07 | Build | House |
| 19:09 | Build | House |
| 19:12 | Queue | Trade Cart |
| 19:35 | Build | Stone Wall |
| 19:36 | Age | Castle Age |
| 19:44 | Build | Stone Wall |
| 19:57 | Queue | Villager (Male) |
| 20:02 | Research | Caravan |
| 20:11 | Queue | Villager (Male) |
| 20:58 | Build | Castle |
| 21:08 | Queue | Villager (Male) |
| 21:09 | Queue | Villager (Male) |
| 21:09 | Queue | Villager (Male) |
| 21:16 | Build | Farm |
| 21:22 | Queue | Villager (Male) |
| 21:23 | Queue | Villager (Male) |
| 22:20 | Build | Stone Wall |
| 22:26 | Queue | Villager (Male) |
| 22:39 | Build | Town Center |
| 22:54 | Build | Farm |
| 23:13 | Research | Horse Collar |
| 23:30 | Queue | Villager (Male) |
| 23:30 | Queue | Villager (Male) |
| 23:36 | Queue | Trade Cart |
| 23:38 | Queue | Ballista Elephant |
| 24:01 | Build | Farm |
| 24:05 | Build | Farm |
| 24:08 | Queue | Villager (Male) |
| 24:21 | Build | Stone Wall |
| 24:33 | Queue | Villager (Male) |
| 24:36 | Queue | Villager (Male) |
| 24:36 | Queue | Villager (Male) |
| 24:41 | Build | Farm |
| 24:45 | Queue | Villager (Male) |
| 24:58 | Queue | Villager (Male) |
| 25:03 | Build | Farm |
| 25:13 | Queue | Villager (Male) |
| 25:19 | Queue | Fishing Ship |
| 25:39 | Build | Town Center |
| 25:42 | Research | Gold Mining |
| 25:48 | Queue | Villager (Male) |
| 26:03 | Build | Farm |
| 26:04 | Build | Farm |
| 26:09 | Queue | Villager (Male) |
| 26:24 | Queue | Villager (Male) |
| 26:29 | Queue | Villager (Male) |
| 26:50 | Queue | Ballista Elephant |
| 26:55 | Queue | Trade Cart |
| 26:58 | Queue | Villager (Male) |
| 27:09 | Build | Farm |
| 27:10 | Build | Farm |
| 27:13 | Queue | Villager (Male) |
| 27:22 | Queue | Villager (Male) |
| 27:28 | Queue | Trade Cart |
| 27:40 | Queue | Ballista Elephant |
| 27:48 | Queue | Villager (Male) |
| 28:09 | Build | Farm |
| 28:11 | Queue | Trade Cart |
| 28:15 | Queue | Villager (Male) |
| 28:17 | Queue | Villager (Male) |
| 28:28 | Build | Blacksmith |
| 28:35 | Build | University |
| 28:46 | Build | Mining Camp |
| 28:53 | Queue | Villager (Male) |
| 28:54 | Queue | Villager (Male) |
| 29:00 | Build | Farm |
| 29:01 | Build | Farm |
| 29:06 | Research | Wheelbarrow |
| 29:11 | Build | Farm |
| 29:13 | Queue | Trade Cart |
| 29:16 | Queue | Ballista Elephant |
| 29:30 | Build | Stone Wall |
| 29:42 | Build | Farm |
| 29:45 | Research | Tech 906 |
| 29:59 | Build | Farm |
| 30:02 | Queue | Villager (Male) |
| 30:04 | Research | Heavy Plow |
| 30:08 | Queue | Villager (Male) |
| 30:09 | Queue | Villager (Male) |
| 30:21 | Research | Bow Saw |
| 30:25 | Queue | Trade Cart |
| 30:56 | Research | Fortified Wall (upgrade) |
| 31:20 | Queue | Villager (Male) |
| 31:20 | Queue | Villager (Male) |
| 31:23 | Queue | Villager (Male) |
| 31:24 | Queue | Villager (Male) |
| 31:40 | Build | House |
| 31:41 | Build | House |
| 31:41 | Build | House |
Match timeline
| 0:55 | vitavidal91 · wall_segment Palisade Wall x17 |
| 1:10 | Padrino Huevo · wall_segment Palisade Wall x11 |
| 1:12 | Padrino Huevo · wall_segment Palisade Wall x2 |
| 1:20 | TrivJ · wall_segment Palisade Wall x8 |
| 2:45 | Padrino Huevo · wall_segment Palisade Wall x6 |
| 2:57 | Padrino Huevo · wall_segment Palisade Wall x3 |
| 3:27 | TrivJ · first_building Dock |
| 3:41 | tatomagallanes · wall_segment Palisade Wall x12 |
| 5:04 | tatomagallanes · wall_segment Palisade Wall x6 |
| 5:34 | GuilleLeopold17 · first_building Dock |
| 6:29 | Whimsicalz · wall_segment Palisade Wall x18 |
| 8:40 | ox2 · first_building Dock |
| 10:08 | felipegarcia92 · first_building Barracks |
| 10:48 | vitavidal91 · first_building Dock |
| 10:50 | Whimsicalz · first_building Barracks |
| 11:09 | GuilleLeopold17 · age_up feudal |
| 11:43 | vitavidal91 · age_up feudal |
| 11:51 | GuilleLeopold17 · first_building Barracks |
| 11:52 | vitavidal91 · wall_segment Stone Wall x1 |
| 12:01 | vitavidal91 · wall_segment Stone Wall x10 |
| 12:09 | felipegarcia92 · age_up feudal |
| 12:18 | Padrino Huevo · age_up feudal |
| 12:28 | felipegarcia92 · first_building Stable |
| 12:50 | TrivJ · age_up feudal |
| 12:54 | Padrino Huevo · wall_segment Stone Wall x12 |
| 13:06 | Whimsicalz · age_up feudal |
| 13:26 | vitavidal91 · wall_segment Stone Wall x1 |
| 13:27 | vitavidal91 · wall_segment Stone Wall x9 |
| 13:43 | Padrino Huevo · wall_segment Stone Wall x2 |
| 13:44 | GuilleLeopold17 · first_building Archery Range |
| 13:50 | Padrino Huevo · wall_segment Stone Wall x9 |
| 13:55 | ox2 · age_up feudal |
| 14:24 | tatomagallanes · age_up feudal |
| 14:36 | Padrino Huevo · first_market_sell 100 wood |
| 15:16 | tatomagallanes · wall_segment Stone Wall x12 |
| 15:28 | vitavidal91 · wall_segment Stone Wall x1 |
| 15:41 | vitavidal91 · wall_segment Stone Wall x17 |
| 16:11 | Padrino Huevo · first_building Dock |
| 16:52 | Padrino Huevo · wall_segment Stone Wall x12 |
| 17:28 | Padrino Huevo · age_up castle |
| 17:33 | tatomagallanes · first_building Dock |
| 17:54 | Whimsicalz · first_building Stable |
| 18:06 | tatomagallanes · wall_segment Stone Wall x2 |
| 18:09 | ox2 · wall_segment Stone Wall x10 |
| 18:10 | GuilleLeopold17 · age_up castle |
| 18:20 | tatomagallanes · wall_segment Stone Wall x1 |
| 18:32 | tatomagallanes · wall_segment Stone Wall x1 |
| 18:36 | vitavidal91 · wall_segment Stone Wall x1 |
| 18:39 | vitavidal91 · wall_segment Stone Wall x1 |
| 19:07 | Whimsicalz · wall_segment Stone Wall x21 |
| 19:20 | TrivJ · age_up castle |
| 19:35 | tatomagallanes · wall_segment Stone Wall x7 |
| 19:35 | felipegarcia92 · age_up castle |
| 19:36 | tatomagallanes · age_up castle |
| 19:41 | ox2 · age_up castle |
| 19:44 | tatomagallanes · wall_segment Stone Wall x6 |
| 20:16 | TrivJ · first_building Monastery |
| 20:43 | Padrino Huevo · first_market_buy 100 food |
| 20:46 | ox2 · first_building Monastery |
| 20:58 | tatomagallanes · first_building Castle |
| 21:15 | Whimsicalz · age_up castle |
| 21:31 | vitavidal91 · age_up castle |
| 22:11 | Whimsicalz · first_building Siege Workshop |
| 22:17 | GuilleLeopold17 · first_building Monastery |
| 22:20 | tatomagallanes · wall_segment Stone Wall x4 |
| 22:58 | felipegarcia92 · first_building Castle |
| 23:09 | vitavidal91 · first_building Monastery |
| 24:21 | tatomagallanes · wall_segment Stone Wall x7 |
| 24:22 | Whimsicalz · first_building Castle |
| 24:24 | GuilleLeopold17 · first_building Siege Workshop |
| 25:18 | Padrino Huevo · first_building Monastery |
| 26:37 | vitavidal91 · first_building Castle |
| 26:38 | Padrino Huevo · first_building Castle |
| 28:27 | GuilleLeopold17 · first_building Castle |
| 28:43 | ox2 · first_building Castle |
| 29:13 | ox2 · first_building Barracks |
| 29:30 | tatomagallanes · wall_segment Stone Wall x8 |
| 29:32 | TrivJ · first_building Barracks |
| 30:25 | TrivJ · first_building Siege Workshop |
| 30:39 | Padrino Huevo · first_building Siege Workshop |
| 31:06 | vitavidal91 · first_market_sell 100 wood |
| 31:15 | TrivJ · first_building Castle |
| 32:09 | Padrino Huevo · first_building Barracks |
| 32:12 | ox2 · first_building Siege Workshop |
| 32:57 | TrivJ · first_building Archery Range |
| 33:02 | tatomagallanes · wall_segment Stone Wall x16 |
| 33:08 | felipegarcia92 · first_building Monastery |
| 33:36 | vitavidal91 · age_up imperial |
| 33:37 | TrivJ · age_up imperial |
| 34:10 | ox2 · age_up imperial |
| 34:12 | GuilleLeopold17 · age_up imperial |
| 34:13 | tatomagallanes · wall_segment Stone Wall x10 |
| 34:24 | ox2 · first_building Stable |
| 34:52 | GuilleLeopold17 · first_market_buy 100 wood |
| 35:41 | tatomagallanes · wall_segment Stone Wall x6 |
| 36:49 | TrivJ · wall_segment Stone Wall x8 |
| 37:45 | felipegarcia92 · age_up imperial |
| 38:09 | Padrino Huevo · first_building Stable |
| 38:47 | TrivJ · first_building Stable |
| 39:39 | Padrino Huevo · age_up imperial |
| 39:43 | felipegarcia92 · first_building Archery Range |
| 39:56 | Whimsicalz · age_up imperial |
| 40:34 | vitavidal91 · wall_segment Stone Wall x11 |
| 41:00 | tatomagallanes · wall_segment Stone Wall x2 |
| 41:02 | vitavidal91 · first_building Barracks |
| 41:02 | tatomagallanes · age_up imperial |
| 41:45 | Padrino Huevo · wall_segment Stone Wall x14 |
| 44:59 | Padrino Huevo · wall_segment Stone Wall x11 |
| 45:09 | Padrino Huevo · wall_segment Stone Wall x6 |
| 45:14 | Padrino Huevo · wall_segment Stone Wall x14 |
| 45:16 | Padrino Huevo · wall_segment Stone Wall x3 |
| 45:23 | Padrino Huevo · wall_segment Stone Wall x2 |
| 46:09 | vitavidal91 · wall_segment Stone Wall x14 |
| 46:43 | ox2 · wall_segment Stone Wall x13 |
| 48:26 | ox2 · wall_segment Stone Wall x14 |
| 48:28 | Padrino Huevo · first_building Archery Range |
| 49:38 | ox2 · wall_segment Stone Wall x15 |
| 49:51 | vitavidal91 · tribute_sent a jugador 1 |
| 49:51 | vitavidal91 · tribute_sent a jugador 2 |
| 49:51 | vitavidal91 · tribute_sent a jugador 3 |
| 49:51 | vitavidal91 · tribute_sent a jugador 4 |
| 49:51 | vitavidal91 · tribute_sent a jugador 5 |
| 49:51 | vitavidal91 · tribute_sent a jugador 7 |
| 49:51 | vitavidal91 · tribute_sent a jugador 8 |
| 49:52 | tatomagallanes · tribute_sent a jugador 1 |
| 49:52 | tatomagallanes · tribute_sent a jugador 2 |
| 49:52 | tatomagallanes · tribute_sent a jugador 3 |
| 49:52 | tatomagallanes · tribute_sent a jugador 4 |
| 49:52 | tatomagallanes · tribute_sent a jugador 5 |
| 49:52 | tatomagallanes · tribute_sent a jugador 6 |
| 49:52 | tatomagallanes · tribute_sent a jugador 7 |
| 49:59 | ox2 · wall_segment Stone Wall x19 |
| 50:41 | ox2 · wall_segment Stone Wall x13 |
| 51:18 | ox2 · wall_segment Stone Wall x13 |
| 51:23 | ox2 · wall_segment Stone Wall x10 |
| 51:28 | tatomagallanes · first_building Barracks |
| 52:55 | ox2 · wall_segment Stone Wall x9 |
| 53:09 | GuilleLeopold17 · wall_segment Stone Wall x16 |
| 53:42 | ox2 · wall_segment Stone Wall x12 |
| 53:57 | GuilleLeopold17 · wall_segment Stone Wall x11 |
| 54:11 | ox2 · wall_segment Stone Wall x10 |
| 57:45 | GuilleLeopold17 · wall_segment Stone Wall x17 |
| 58:12 | vitavidal91 · wall_segment Stone Wall x12 |
| 59:30 | Whimsicalz · tribute_sent a jugador 1 |
| 59:30 | Whimsicalz · tribute_sent a jugador 2 |
| 59:30 | Whimsicalz · tribute_sent a jugador 3 |
| 59:30 | Whimsicalz · tribute_sent a jugador 4 |
| 59:30 | Whimsicalz · tribute_sent a jugador 5 |
| 59:30 | Whimsicalz · tribute_sent a jugador 6 |
| 59:30 | Whimsicalz · tribute_sent a jugador 8 |
| 61:09 | GuilleLeopold17 · tribute_sent a jugador 1 |
| 61:09 | GuilleLeopold17 · tribute_sent a jugador 3 |
| 61:09 | GuilleLeopold17 · tribute_sent a jugador 4 |
| 61:09 | GuilleLeopold17 · tribute_sent a jugador 5 |
| 61:09 | GuilleLeopold17 · tribute_sent a jugador 6 |
| 61:09 | GuilleLeopold17 · tribute_sent a jugador 7 |
| 61:09 | GuilleLeopold17 · tribute_sent a jugador 8 |
| 64:21 | tatomagallanes · resign |
[ AI ANALYSIS · 1 CREDIT ]
What really happened in this match?
Wolo.gg analyzes every decision: build order, eco, micro, common mistakes by bracket. Personalized analysis on WhatsApp or Discord in 30 seconds.
Civ guide
Burgundians
Perfil
Jugador #6843347